 Seeded DCSS version 0.27-a0-1200-g94dc6ad4cf (webtiles) character file.

Game seed: 1482225061180600175 (custom seed)

330 flotson the Twirler (level 6, -2/47 HPs)
             Began as a Demonspawn Gladiator on May 31, 2021.
             Slain by Duvessa
             ... wielding a +0 rapier
              (10 damage)
             ... on level 4 of the Dungeon.
             The game lasted 00:04:12 (2666 turns).

flotson the Twirler (Demonspawn Gladiator)          Turns: 2666, Time: 00:04:12

Health: -2/47      AC:  6    Str: 16    XL:     6   Next: 26%
Magic:  6/6        EV: 12    Int: 11    God:
Gold:   67         SH:  0    Dex: 15    Spells: 5/5 levels left

rFire    . . .     SeeInvis .   a - +0 quarterstaff
rCold    . . .     Faith    .   (shield currently unavailable)
rNeg     . . .     Spirit   .   j - +0 ring mail
rPois    .         Reflect  .   (helmet restricted)
rElec    .         Harm     .   (no cloak)
rCorr    +         Rampage  .   r - +0 pair of gloves
Will     .....                  (no boots)
Stlth    +.........             e - amulet of regeneration
HPRegen  1.15/turn              f - ring of resist corrosion
MPRegen  0.10/turn              (no ring)

@: no status effects
A: antennae 1, powered by pain 1, big brain 1
a: no special abilities


You were on level 4 of the Dungeon.
You visited 1 branch of the dungeon, and saw 4 of its levels.

You collected 67 gold pieces.

Inventory:

Hand Weapons
 a - a +0 quarterstaff (weapon)
Missiles
 d - 3 throwing nets (quivered)
 n - 3 boomerangs of dispersal
Armour
 c - a +0 helmet
 j - a +0 ring mail (worn)
 r - a +0 pair of gloves (worn)
Jewellery
 e - an amulet of regeneration (around neck)
 f - a ring of resist corrosion (left hand)
Scrolls
 b - a scroll of immolation {unknown}
 g - a scroll of brand weapon {unknown}
 k - a scroll of vulnerability {unknown}
 l - a scroll of amnesia {unknown}
 m - 2 scrolls of identify {unknown}
 o - a scroll of enchant weapon {unknown}
 p - a scroll of fear {unknown}
Potions
 h - a potion of curing {unknown}
 i - a potion of flight {unknown}
 q - a potion of attraction {unknown}


   Skills:
 + Level 3.3 Fighting
 + Level 5.0 Staves
 + Level 1.8 Throwing
 + Level 2.0 Armour
 + Level 3.2 Dodging


You had 5 spell levels left.
You didn't know any spells.
Your spell library contained the following spells:

 Spells                   Type           Power      Damage    Failure   Level
 Magic Dart               Conj           0%         1d3       54%         1
 Shock                    Conj/Air       0%         1d3       54%         1
 Searing Ray              Conj           0%         3d3       69%         2
 Static Discharge         Conj/Air       0%         N/A       69%         2
 Dazzling Flash           Conj/Hex       0%         N/A       89%         3
 Swiftness                Air            0%         N/A       89%         3
 Airstrike                Air            0%         N/A       100%        4
 Fulminant Prism          Conj/Hex       0%         3d6       100%        4
 Iskenderun's Mystic Bla  Conj/Tloc      0%         2d3       100%        4
 Lightning Bolt           Conj/Air       0%         1d11      100%        5


Dungeon Overview and Level Annotations

Branches:
Dungeon (4/15)
 Temple: D:4-7

Altars:
Cheibriados
Elyvilon

Shops:
D:2 =   D:4 (

Annotations:
D:4 Dowan, Duvessa


Innate Abilities, Weirdness & Mutations

You have a pair of small antennae on your head.
You sometimes gain a little power by taking damage.
You have an unusually large brain. (Int +2)


Message History

Duvessa is severely wounded.
Duvessa hits you with a +0 rapier!
You closely miss Duvessa.
Duvessa is severely wounded.
Duvessa barely misses you.
You hit Duvessa.
Duvessa is severely wounded.
Duvessa misses you.
You closely miss Duvessa.
Duvessa is severely wounded.
Dowan shouts!
Dowan gestures wildly while chanting.
Dowan blinks!
Duvessa barely misses you.
You hit Duvessa but do no damage.
Duvessa is severely wounded.
Duvessa barely misses you.
You hit Duvessa.
Duvessa is severely wounded.
Dowan says, "Stay away from my face!"
Dowan gestures wildly while chanting.
Dowan blinks!
Duvessa says, "When magic and the sword combine, nothing stands against them."
Duvessa closely misses you.
You hit Duvessa.
Duvessa is almost dead.
Duvessa hits you with a +0 rapier.
You hit Duvessa but do no damage.
Duvessa is almost dead.
Duvessa says, "When magic and the sword combine, nothing stands against them."
Duvessa hits you with a +0 rapier!
* * * LOW HITPOINT WARNING * * *
You closely miss Duvessa.
Duvessa is almost dead.
Duvessa hits you with a +0 rapier!
* * * LOW HITPOINT WARNING * * *
Dowan says, "Magic and the sword, together, will defeat you."
You closely miss Duvessa.
Duvessa is almost dead.
Duvessa hits you with a +0 rapier!
You die...

##.....##
#....†).###.#.#
#[......).....#
#.......###.###
#..)e..##
....#.Z.##
######o## #e#
#@# #.#
########.#
#........#
#.######## #.#
#.# #.# #∩#


You could see Duvessa, Dowan, an orc and an adder skeleton.

Vanquished Creatures
  A centaur (D:4)
  A scorpion (D:4)
  A howler monkey (D:4)
  2 hounds
  2 adders (D:2)
  An ufetubus (D:4)
  A dart slug (D:1)
  9 orcs
  2 endoplasms
  A giant cockroach (D:1)
  5 goblins
  9 hobgoblins
  5 jackals
  4 quokkas
  5 ball pythons
  2 bats
  3 frilled lizards (D:2)
  5 kobolds
  12 rats
71 creatures vanquished.

Notes
Turn   | Place    | Note
-------+----------+-------------------------------------------
     0 | D:1      | flotson the Demonspawn Gladiator began the quest for the
                  | Orb.
     0 | D:1      | Reached XP level 1. HP: 16/16 MP: 1/1
     4 | D:1      | Noticed a formicid
     6 | D:1      | Noticed a felid
     7 | D:1      | Noticed a minotaur skeleton
    11 | D:1      | Noticed a vine stalker
    11 | D:1      | Noticed an elf
    13 | D:1      | Noticed a human
    13 | D:1      | Noticed a centaur
    15 | D:1      | Noticed a minotaur zombie
    17 | D:1      | Noticed a naga
    19 | D:1      | Noticed a ghoul
    88 | D:1      | Gained mutation: You sometimes gain a little power by
                  | taking damage. [demonic ancestry]
    88 | D:1      | Reached XP level 2. HP: 17/22 MP: 2/2
   134 | D:1      | Reached skill level 3 in Staves
   560 | D:1      | Reached XP level 3. HP: 27/27 MP: 3/3
   571 | D:1      | Found a faded altar of an unknown god.
  1012 | D:2      | Found Naweufokk's Jewellery Boutique.
  1117 | D:2      | Reached skill level 1 in Armour
  1358 | D:2      | Gained mutation: You have a pair of small antennae on your
                  | head. [demonic ancestry]
  1358 | D:2      | Reached XP level 4. HP: 34/34 MP: 4/4
  1707 | D:3      | Found a large runed translucent door.
  1711 | D:3      | Found a large runed translucent door.
  2393 | D:3      | Found a snail-covered altar of Cheibriados.
  2478 | D:4      | Noticed a scorpion
  2493 | D:4      | Killed a scorpion
  2494 | D:4      | Reached skill level 4 in Staves
  2494 | D:4      | Reached XP level 5. HP: 8/40 MP: 5/5
  2504 | D:4      | Noticed Dowan
  2509 | D:4      | Noticed Duvessa
  2556 | D:4      | Found Romaq's Weapon Shop.
  2610 | D:4      | Noticed a centaur
  2616 | D:4      | Killed a centaur
  2617 | D:4      | Gained mutation: You have an unusually large brain. (Int
                  | +2) [demonic ancestry]
  2617 | D:4      | Reached XP level 6. HP: 36/47 MP: 6/6
  2622 | D:4      | Reached skill level 5 in Staves
  2666 | D:4      | Slain by Duvessa

Illustrated notes

Levels and vault maps discovered:
D:1:      shiori_arrival_whats_in_store_for_you, layout_rooms,
          shapermc_ecumenical_altar_gd
D:2:      layout_loops_ring, serial_shops, nicolae_shop_statue_plus,
          corexii_leaking_fountain
D:3:      layout_basic, jmf_multi_god_temple2
D:4:      layout_loops_ring, serial_shops, shop, gup_sewer_entry_bubbles,
          palyth_stone_intersect, uniq_duvessa

Skill      XL: |  1  2  3  4  5  6 |
---------------+-------------------+-----
Dodging        | 3 |  3.2
Staves         | 3 4 5 |  5.0
Armour         | 1 2 |  2.0
Fighting       | 3 |  3.3
Throwing       | |  1.8

Action                   |  1- 3 |  4- 6 || total
-------------------------+-------+-------++-------
Melee: Quarterstaff      |   132 |   112 ||   244
Armor: Leather armour    |    20 |       ||    20
       Ring mail         |    31 |    38 ||    69
Dodge: Dodged            |    86 |    69 ||   155

Table legend: (Time is in decaauts)
 A = Elapsed time spent in this place.
 B = Non-inter-level travel time spent in this place.
 C = Inter-level travel time spent in this place.
 D = Time resting spent in this place.
 E = Time spent auto-exploring this place.
 F = Levels seen in this place.
 G = Mean time per level.
                   A        B        C        D        E       F      G
               +--------+--------+--------+--------+--------+-----+--------+
         Total |   2694 |   2569 |    125 |      0 |   2047 |   4 |  673.5 |
       Dungeon |   2694 |   2569 |    125 |      0 |   2047 |   4 |  673.5 |
               +--------+--------+--------+--------+--------+-----+--------+

Top non-repeatable levels by time:
     D:3: 1035 daAuts
     D:1: 860 daAuts
     D:2: 657 daAuts
     D:4: 141 daAuts
